A- SE
CHARLOTTE STONE CRABS @ DAYTONA TORTUGAS
05/17/2042
 
TOP OF THE 1ST
Charlotte Stone Crabs batting - Pitching for Daytona Tortugas : LHP Ben Stephenson
Pitching: LHP Ben Stephenson
Batting: RHB Juan Rodríguez 0-0: Fly out, F8 (Flyball, 8LM, EV 87.5 MPH)
Batting: RHB Nunno Gerardo 0-0: Ball
1-0: Ball
2-0: Foul Ball, location: 9LMF
2-1: Called Strike
2-2: Foul Ball, location: 9LDF
2-2: Fly out, F7 (Flyball, 78D, EV 81.3 MPH)
Batting: RHB Luis Sánchez 0-0: Ball
1-0: Fly out, F8 (Flyball, 8RM, EV 95.6 MPH)
Top of the 1st over - 0 runs, 0 hits, 0 errors, 0 left on base; Charlotte 0 - Daytona 0
BOTTOM OF THE 1ST
Daytona Tortugas batting - Pitching for Charlotte Stone Crabs : RHP António Cortéz
Pitching: RHP António Cortéz
Batting: RHB Pete King 0-0: Fly out, F6 (Line Drive, 6, EV 72.5 MPH)
Batting: RHB Greg Allison 0-0: Called Strike
0-1: Ball
1-1: Swinging Strike
1-2: Strikes out swinging
Batting: LHB Zak O'Toole 0-0: Foul Ball, location: 23F
0-1: Ball
1-1: Ball
2-1: Ball
3-1: Called Strike
3-2: Base on Balls
Batting: LHB Steve Wolfe 0-0: Called Strike
Zak O'Toole steals 2nd base
0-1: Ball
1-1: Ball
2-1: Ball
3-1: Base on Balls
Batting: RHB Gene Glass 0-0: Ball
1-0: Ball
2-0: 3-RUN HOME RUN (Flyball, 8RXD, EV 110.6 MPH), Distance : 433 ft
Batting: RHB Robinson García 0-0: Called Strike
0-1: Ball
1-1: Foul Ball, location: 9LMF
1-2: Strikes out swinging wild pitch, reaches first!
Batting: RHB Augusto Lerma 0-0: Hit by Pitch
Robinson García to second
Batting: RHB José Reyes 0-0: Ball
1-0: Called Strike
1-1: Fielders Choice at 2nd, 6-4 (Groundball, 6, EV 83.1 MPH)
Bottom of the 1st over - 3 runs, 1 hit, 0 errors, 2 left on base; Charlotte 0 - Daytona 3
TOP OF THE 2ND
Charlotte Stone Crabs batting - Pitching for Daytona Tortugas : LHP Ben Stephenson
Batting: LHB Jonathan Owens 0-0: Ball
1-0: Ball
2-0: Ball
3-0: Called Strike
3-1: Base on Balls
Batting: RHB Cristián Hurtado 0-0: Swinging Strike
0-1: Called Strike
0-2: Strikes out swinging
Batting: RHB Danny Clemente 0-0: Ball
1-0: Ball
2-0: Swinging Strike
2-1: Called Strike
2-2: SINGLE (Line Drive, 9S, EV 98.8 MPH)
Jonathan Owens to second
Batting: RHB Juan Sánchez 0-0: Swinging Strike
0-1: DOUBLE (Line Drive, 7LS, EV 89.4 MPH)
Jonathan Owens scores
Danny Clemente to third
Runner from 3rd tries for Home, SAFE, no throw by LF
Batting: LHB Andy Turner 0-0: Fly out, F5 (Popup, 25F, EV 91.9 MPH)
Batting: RHB Quintino Grande 0-0: Ball
1-0: Ball
2-0: Ground out 6-3 (Groundball, 6, EV 106.3 MPH)
Top of the 2nd over - 2 runs, 2 hits, 0 errors, 1 left on base; Charlotte 2 - Daytona 3
BOTTOM OF THE 2ND
Daytona Tortugas batting - Pitching for Charlotte Stone Crabs : RHP António Cortéz
Batting: LHB Ernesto Pacheco 0-0: Ball
1-0: SOLO HOME RUN (Flyball, 7LD, EV 93.8 MPH), Distance : 344 ft
Batting: RHB Pete King 0-0: Ball
1-0: Called Strike
1-1: Called Strike
1-2: Ball
2-2: Ball
3-2: Base on Balls
Batting: RHB Greg Allison 0-0: Sac Bunt to 3S - play at first, batter OUT! 3-4
Pete King to second
Batting: LHB Zak O'Toole 0-0: Ball
1-0: Ball
2-0: Foul Ball, location: 7LDF
2-1: Swinging Strike
2-2: Ball
3-2: Base on Balls
Batting: LHB Steve Wolfe 0-0: Swinging Strike
0-1: Foul Ball, location: 7LMF
0-2: Ball
1-2: Fly out, F5 (Popup, 5DF, EV 69.4 MPH)
Batting: RHB Gene Glass 0-0: Ball
1-0: Called Strike
1-1: Fly out, F6 (Popup, 4MD, EV 61.9 MPH)
Bottom of the 2nd over - 1 run, 1 hit, 0 errors, 2 left on base; Charlotte 2 - Daytona 4
TOP OF THE 3RD
Charlotte Stone Crabs batting - Pitching for Daytona Tortugas : LHP Ben Stephenson
Batting: RHB Juan Rodríguez 0-0: Ball
1-0: Ball
2-0: Ball
3-0: Base on Balls
Batting: RHB Nunno Gerardo 0-0: Called Strike
0-1: Fielders Choice at 2nd, 4-6 (Groundball, 34S, EV 86.3 MPH)
Batting: RHB Luis Sánchez 0-0: Ball
1-0: Swinging Strike
1-1: SINGLE (Groundball, 34, EV 100.0 MPH)
Nunno Gerardo to second
Runner from 2nd tries for 3rd, SAFE, no throw by RF
Batting: LHB Jonathan Owens 0-0: Ball
1-0: Ball
2-0: Ball
3-0: Called Strike
3-1: Foul Ball, location: 7LDF
3-2: Strikes out swinging
Batting: RHB Cristián Hurtado 0-0: Ball
1-0: Foul Ball, location: 3F
1-1: Foul Ball, location: 7LMFF
1-2: Ball
2-2: Ball
3-2: Fly out, F2 (Popup, 5SF, EV 76.3 MPH)
Top of the 3rd over - 0 runs, 1 hit, 0 errors, 2 left on base; Charlotte 2 - Daytona 4
BOTTOM OF THE 3RD
Daytona Tortugas batting - Pitching for Charlotte Stone Crabs : RHP António Cortéz
Batting: RHB Robinson García 0-0: Ball
1-0: Ball
2-0: Ball
3-0: Base on Balls
Batting: RHB Augusto Lerma 0-0: Ball
1-0: Called Strike
1-1: Foul Ball, location: 2F
1-2: Grounds into double play, 6-4-3 (Groundball, 6, EV 81.9 MPH)
Batting: RHB José Reyes 0-0: Called Strike
0-1: Swinging Strike
0-2: Strikes out swinging
Bottom of the 3rd over - 0 runs, 0 hits, 0 errors, 0 left on base; Charlotte 2 - Daytona 4
TOP OF THE 4TH
Charlotte Stone Crabs batting - Pitching for Daytona Tortugas : LHP Ben Stephenson
Batting: RHB Danny Clemente 0-0: Ball
1-0: Foul Ball, location: 2F
1-1: Ball
2-1: Called Strike
2-2: Strikes out looking
Batting: RHB Juan Sánchez 0-0: Called Strike
0-1: Ball
1-1: DOUBLE (Flyball, 78D, EV 98.1 MPH)
Batting: LHB Andy Turner 0-0: Ball
1-0: Foul Ball, location: 5FF
1-1: Ball
2-1: Foul Ball, location: 7LDF
2-2: Strikes out swinging
Batting: RHB Quintino Grande 0-0: Called Strike
0-1: Swinging Strike
0-2: Ball
1-2: Strikes out swinging
Top of the 4th over - 0 runs, 1 hit, 0 errors, 1 left on base; Charlotte 2 - Daytona 4
BOTTOM OF THE 4TH
Daytona Tortugas batting - Pitching for Charlotte Stone Crabs : RHP António Cortéz
Batting: LHB Ernesto Pacheco 0-0: Swinging Strike
0-1: Foul Ball, location: 2F
0-2: Ball
1-2: Strikes out swinging
Batting: RHB Pete King 0-0: Ball
1-0: Called Strike
1-1: SOLO HOME RUN (Line Drive, 7D, EV 94.4 MPH), Distance : 352 ft
Pitching: RHP Aurelio Guzmán
Batting: RHB Greg Allison 0-0: Fly out, F9 (Flyball, 89S, EV 93.8 MPH)
Batting: LHB Zak O'Toole 0-0: SINGLE (Line Drive, 4D, EV 96.9 MPH)
Batting: LHB Steve Wolfe 0-0: Called Strike
Zak O'Toole is caught stealing 2nd base 2-6
Bottom of the 4th over - 1 run, 2 hits, 0 errors, 0 left on base; Charlotte 2 - Daytona 5
TOP OF THE 5TH
Charlotte Stone Crabs batting - Pitching for Daytona Tortugas : LHP Ben Stephenson
Batting: RHB Juan Rodríguez 0-0: Swinging Strike
0-1: DOUBLE (Flyball, 78D, EV 101.3 MPH)
Batting: RHB Nunno Gerardo 0-0: SINGLE (Groundball, 3D, EV 94.4 MPH)
Juan Rodríguez to third
Batting: RHB Luis Sánchez 0-0: Fly out, F8 (Flyball, 8LXD, EV 105.0 MPH)
Runner from 3rd tags up, SCORES, no throw by CF
Batting: LHB Jonathan Owens 0-0: Foul Ball, location: 2F
0-1: Fielders Choice at 2nd, 4-6 (Groundball, 4, EV 86.3 MPH)
Batting: RHB Cristián Hurtado 0-0: Called Strike
0-1: Ball
1-1: Called Strike
Jonathan Owens is caught stealing 2nd base 2-4
Top of the 5th over - 1 run, 2 hits, 0 errors, 0 left on base; Charlotte 3 - Daytona 5
BOTTOM OF THE 5TH
Daytona Tortugas batting - Pitching for Charlotte Stone Crabs : RHP Aurelio Guzmán
Batting: LHB Steve Wolfe 0-0: Called Strike
0-1: Ball
1-1: Ball
2-1: Foul Ball, location: 7LDF
2-2: Ball
3-2: Ground out 5-3 (Groundball, 56, EV 105.0 MPH)
Batting: RHB Gene Glass 0-0: Ball
1-0: Foul Ball, location: 2F
1-1: Fly out, F5 (Popup, 56, EV 75.6 MPH)
Batting: RHB Robinson García 0-0: Foul Ball, location: 2F
0-1: Swinging Strike
0-2: Ball
1-2: Ball
2-2: Strikes out swinging
Bottom of the 5th over - 0 runs, 0 hits, 0 errors, 0 left on base; Charlotte 3 - Daytona 5
TOP OF THE 6TH
Charlotte Stone Crabs batting - Pitching for Daytona Tortugas : LHP Ben Stephenson
Pitching: RHP Kel Carlson
Batting: RHB Cristián Hurtado 0-0: Called Strike
0-1: Foul Ball, location: 23F
0-2: Strikes out looking
Batting: RHB Danny Clemente 0-0: Ball
1-0: Foul Ball, location: 7LDF
1-1: Foul Ball, location: 5FF
1-2: Strikes out swinging
Batting: RHB Juan Sánchez 0-0: Called Strike
0-1: Ground out U3 (Groundball, 3L, EV 78.8 MPH)
Top of the 6th over - 0 runs, 0 hits, 0 errors, 0 left on base; Charlotte 3 - Daytona 5
BOTTOM OF THE 6TH
Daytona Tortugas batting - Pitching for Charlotte Stone Crabs : RHP Aurelio Guzmán
Batting: RHB Augusto Lerma 0-0: Ball
1-0: Called Strike
1-1: Swinging Strike
1-2: Ball
2-2: Ball
3-2: Base on Balls
Batting: RHB José Reyes 0-0: Sac Bunt to 2L - play at first, batter OUT! 2-3
Augusto Lerma to second
Batting: LHB Ernesto Pacheco 0-0: Ball
1-0: Ball
2-0: Called Strike
2-1: Swinging Strike
2-2: Foul Ball, location: 9LSF
2-2: Foul Ball, location: 25FF
2-2: Ball
3-2: Ground out 4-3 (Groundball, 4, EV 97.5 MPH)
Augusto Lerma to third
Batting: RHB Pete King 0-0: Called Strike
0-1: Ground out 5-3 (Groundball, 5, EV 71.3 MPH)
Bottom of the 6th over - 0 runs, 0 hits, 0 errors, 1 left on base; Charlotte 3 - Daytona 5
TOP OF THE 7TH
Charlotte Stone Crabs batting - Pitching for Daytona Tortugas : RHP Kel Carlson
Batting: LHB Andy Turner 0-0: Ball
1-0: SINGLE (Groundball, 4MD, EV 95.6 MPH)
Batting: RHB Quintino Grande 0-0: Called Strike
0-1: Ball
1-1: Ball
2-1: Grounds into double play, 5-4-3 (Groundball, 56, EV 76.3 MPH)
Batting: RHB Juan Rodríguez 0-0: Ball
1-0: Ball
2-0: Ball
3-0: Called Strike
3-1: Ground out 5-3 (Groundball, 56, EV 75.6 MPH)
Top of the 7th over - 0 runs, 1 hit, 0 errors, 0 left on base; Charlotte 3 - Daytona 5
BOTTOM OF THE 7TH
Daytona Tortugas batting - Pitching for Charlotte Stone Crabs : RHP Aurelio Guzmán
Batting: RHB Greg Allison 0-0: Called Strike
0-1: Fly out, F9 (Flyball, 9D, EV 82.5 MPH)
Batting: LHB Zak O'Toole 0-0: Ball
1-0: Ball
2-0: Called Strike
2-1: Ball
3-1: Called Strike
3-2: Fly out, F5 (Popup, 56S, EV 68.1 MPH)
Batting: LHB Steve Wolfe 0-0: Ball
1-0: Fly out, F7 (Flyball, 7LS, EV 95.0 MPH)
Bottom of the 7th over - 0 runs, 0 hits, 0 errors, 0 left on base; Charlotte 3 - Daytona 5
TOP OF THE 8TH
Charlotte Stone Crabs batting - Pitching for Daytona Tortugas : RHP Kel Carlson
Batting: RHB Nunno Gerardo 0-0: Ball
1-0: Called Strike
1-1: Ball
2-1: Ground out U3 (Groundball, 3L, EV 105.0 MPH)
Batting: RHB Luis Sánchez 0-0: Called Strike
0-1: Ball
1-1: Ground out 5-3 (Groundball, 56S, EV 88.8 MPH)
Batting: LHB Jonathan Owens 0-0: Ball
1-0: Foul Ball, location: 2F
1-1: Ball
2-1: Ball
3-1: Foul Ball, location: 5SF
3-2: Base on Balls
Batting: RHB Cristián Hurtado 0-0: Called Strike
0-1: Ball
1-1: Ball
2-1: Ball
3-1: Called Strike
3-2: Strikes out looking
Top of the 8th over - 0 runs, 0 hits, 0 errors, 1 left on base; Charlotte 3 - Daytona 5
BOTTOM OF THE 8TH
Daytona Tortugas batting - Pitching for Charlotte Stone Crabs : RHP Aurelio Guzmán
Batting: RHB Gene Glass 0-0: Foul Ball, location: 9LMF
0-1: Ball
1-1: SINGLE (Line Drive, 89S, EV 103.1 MPH)
Batting: RHB Robinson García 0-0: Called Strike
0-1: Ball
1-1: Grounds into double play, 4-6-3 (Groundball, 4M, EV 88.1 MPH)
Pinch Hitting: LHB Brad Jones 0-0: Called Strike
0-1: Foul Ball, location: 9LMF
0-2: Strikes out swinging
Bottom of the 8th over - 0 runs, 1 hit, 0 errors, 0 left on base; Charlotte 3 - Daytona 5
TOP OF THE 9TH
Charlotte Stone Crabs batting - Pitching for Daytona Tortugas : RHP Kel Carlson
Now in RF: Brad Jones
Batting: RHB Danny Clemente 0-0: Foul Ball, location: 2F
0-1: Ball
1-1: Ball
2-1: Swinging Strike
2-2: Foul Ball, location: 3FF
2-2: Ball
3-2: Base on Balls
Batting: RHB José Canseco 0-0: Ball
1-0: Grounds into double play, 6-4-3 (Groundball, 6M, EV 107.5 MPH)
Pinch Hitting: RHB António Mojica 0-0: Called Strike
0-1: Called Strike
0-2: Ball
1-2: Strikes out looking
Top of the 9th over - 0 runs, 0 hits, 0 errors, 0 left on base; Charlotte 3 - Daytona 5
Friday, May 3rd , 2024 - OOTP Baseball 24.10 Build 82